[Event "*** Titled Tuesday Blitz"]
[Site "Chess.com"]
[Date "2020.10.27"]
[Round "6"]
[White "sjam6687"]
[Black "Sibelephant"]
[Result "0-1"]
[WhiteElo "2693"]
[BlackElo "3078"]
[TimeControl "180+1"]
[EndTime "11:08:43 PDT"]
[Termination "Sibelephant won by resignation"]

1. d4 d5 2. c4 e6 3. Nc3 a6 4. cxd5 exd5 5. Nf3 c6 6. Bf4 Bd6 7. Bg3 Ne7 8. e3 Nf5 9. Qc2 Be6 10. Bd3 Nxg3 11.
hxg3 Nd7 12. O-O-O h6 13. Kb1 Qe7 14. Bf5 Bxf5 15.
Qxf5 Qe6 16. Qxe6+ fxe6 17. e4 O-O 18. Rde1 Rae8 19. e5 Be7 20. Ne2 Rf7 21. Nf4 Bd8 22. Rc1 Bb6 23. Nd3 Ref8 24. g4 Rxf3 25. gxf3 Rxf3 26.
Nc5 Bxc5 27. dxc5 Nxe5 28. Rce1 Nxg4 29. Rxe6 Rxf2 30. Rg1 h5 31. Rd6 Rf7 32. Re6 Kh7 33. Kc2 Nf6 34. Rf1 Kg6 35. Kd2 Kg5 36. Kd3 h4 37. Kd4 Kh5 38. Re5+ g5 39. Rff5 h3 40. Rxg5+ Kh4 41. Rgf5 h2 42. Re1 Kg4 43. Rf2 Kg3 44. Rf5 Kg4 45. Rf2 Kg3 46. Rf5 Rf8 47. Ref1 Nh7 48.
R1f3+ Kg2 49. Rf2+ Kg3 50. R2f3+ Kg4 51. Rf2 Rxf5 52.
Rxh2 Ng5 53. Rg2+ Kf4 54. Kd3 Nf3 55. Rg8 Ne5+ 56. Kc2 Ke4 57. b4 d4 58. Rg7 Rf2+ 59.
Kb3 Rf3+ 60. Kc2 d3+ 61. Kc3 Rf2 62. b5 axb5 63. Rg1 Rc2+ 64. Kb3 Rxc5 65. Rd1 Kd4 66. a3 Rc3+ 67. Kb2 Nc4+ 68. Kb1 Rb3+ 69. Ka1 Rxa3+ 70.
Kb1 b4 71. Rh1 b3 72. Rh4+ Kc3 73. Rh2 Nd2+ 74. Rxd2 Kxd2 75. Kb2 Ra4 76. Kxb3 b5 0-1

[Event "*** Titled Tuesday Blitz"]
[Site "Chess.com"]
[Date "2020.10.27"]
[Round "6"]
[White "TST2014"]
[Black "BanjoKazooieN64"]
[Result "0-1"]
[WhiteElo "2483"]
[BlackElo "2360"]
[TimeControl "180+1"]
[EndTime "11:08:45 PDT"]
[Termination "BanjoKazooieN64 won on time"]

1. d4 Nf6 2. c4 g6 3. Nc3 Bg7 4. e4 d6 5. Nf3 O-O 6. Be2 e5 7. O-O Nc6 8. d5 Ne7 9. b4 Nh5 10. g3 f5 11. Ng5 Nf6 12. Bf3 fxe4 13. Ncxe4 Nf5 14. Bg2 Nd4 15. Be3 Nxe4 16. Nxe4 Bf5 17. f4 Bxe4 18. Bxe4 Nf5 19. Bf2 exf4 20. Rb1 fxg3 21.
hxg3 Qg5 22. Rb3 Rae8 23. Qd3 Nh6 24. Bg2 Ng4 25. Bh3 Ne5 26. Qc2 Qh5 27. Be6+ Kh8 28.
Qd1 Nf3+ 29. Rxf3 Qxf3 30. Qxf3 Rxf3 31. Re1 Ref8 32. Bxa7 b6 33. c5 Bd4+ 34. Kg2 Rf2+ 35. Kh3 bxc5 36. bxc5 Rxa2 37. Re4 Bg1 38. Re1 Bf2 39.
cxd6 Rxa7 40. Rf1 cxd6 41. Kg2 Kg7 42. Rxf2 Rxf2+ 43. Kxf2 Ra3 44. Kg2 Kf6 45. Kh3 h5 46. Kh4 Ra4+ 47. Kh3 g5 48. Kg2 Ra3 49. Kf2 Ke5 50.
Bf7 h4 51. gxh4 gxh4 52. Kg2 Kf4 53. Be6 Rg3+ 54. Kh2 Ke3 55. Bf7 Kf2 56. Be6 Rg5 57. Bf7 Rg4 58. Be6 Rf4 59. Kh3 Ke3 60. Bg8 Kd4 61. Be6 Ke5 62. Bg8 Kf6 63. Be6 Re4 64.
Bg8 Kg6 65. Kg2 Re3 66. Kh2 Kg5 67. Kg2 h3+ 68. Kh2 Kh4 69. Be6 Re2+ 70. Kg1 Kg3 71. Kf1 Rb2 72. Bxh3 Kxh3 0-1

[Event "*** Titled Tuesday Blitz"]
[Site "Chess.com"]
[Date "2020.10.27"]
[Round "6"]
[White "Blitzstream"]
[Black "BursaBBSatranc"]
[Result "1-0"]
[WhiteElo "2718"]
[BlackElo "2507"]
[TimeControl "180+1"]
[EndTime "11:08:47 PDT"]
[Termination "Blitzstream won on time"]

1. e4 e5 2. Nf3 Nf6 3. Nxe5 d6 4.
Nf3 Nxe4 5. d3 Nf6 6. d4 d5 7.
Bd3 Bd6 8. O-O O-O 9. Bg5 Bg4 10. h3 Bh5 11. Nbd2 Nbd7 12. Re1 c6 13. c3 Qc7 14.
Qc2 Bg6 15. Nf1 Ne4 16. Be3 Rfe8 17. N3d2 Nxd2 18. Nxd2 Bxd3 19. Qxd3 Nf6 20. Bg5 Nd7 21. Nf3 Bf4 22. Qf5 Bxg5 23. Nxg5 Nf8 24. h4 h6 25. Nf3 Qd7 26. Qxd7 Nxd7 27. Ne5 Nxe5 28. dxe5 f6 29. e6 Kf8 30. f4 f5 31. Re5 g6 32. h5 Kg7 33. Rae1 Re7 34. Kf2 Rae8 35. Kf3 gxh5 36. Rxf5 Rxe6 37. Rxe6 Rxe6 38. Rxh5 Rd6 39. Re5 Kf7 40.
Ke3 Rg6 41. Kf3 Rd6 42. Re2 Rd7 43. g4 c5 44. Rd2 Kf6 45. f5 Kg5 46. Rh2 Rh7 47.
Rh5+ Kf6 48. Kf4 d4 49. cxd4 cxd4 50. Rxh6+ Rxh6 51. g5+ Kg7 52. gxh6+ Kxh6 53. Ke4 Kg5 54. Kxd4 Kxf5 55. Kd5 Kf4 56. Kd6 Ke3 57. Kc7 b5 58. Kc6 b4 59. Kb5 b3 60. axb3 Kd3 61. b4 Kd4 62.
Ka6 Kc4 63. b5 Kc5 64. Ka5 Kc4 65. Ka6 Kc5 66. Ka5 Kc4 67. Ka4 Kc5 68. b3 Kd5 69. Kb4 Kd4 70. Ka5 Kc5 71. b4+ Kc4 72. Ka4 Kd5 73. b6 axb6 74. Kb5 1-0

[Event "*** Titled Tuesday Blitz"]
[Site "Chess.com"]
[Date "2020.10.27"]
[Round "6"]
[White "andrzej"]
[Black "Khazieva_Elza"]
[Result "0-1"]
[WhiteElo "2304"]
[BlackElo "2478"]
[TimeControl "180+1"]
[EndTime "11:08:50 PDT"]
[Termination "Khazieva_Elza won by checkmate"]

1. d4 Nf6 2. c4 d6 3. Nc3 Bf5 4. g3 c6 5. Bg2 h6 6. e4 Bh7 7. Nge2 Nbd7 8. O-O e5 9. f4 Be7 10. h3 Qc7 11. g4 O-O-O 12. Be3 Kb8 13. Ng3 Nf8 14.
fxe5 dxe5 15. d5 N8d7 16. Qe2 Bc5 17. Bxc5 Nxc5 18. b4 Ncd7 19. c5 Nf8 20. d6 Qc8 21. b5 Ne6 22. bxc6 Qxc6 23. Rfc1 Nd4 24. Qe3 Qxc5 25. Kh2 Qxd6 26. Nd5 Rc8 27. Rab1 Rxc1 28. Rxc1 Bg6 29. Rc3 Rc8 30. Qc1 Rxc3 31. Qxc3 Qc6 32.
Qb2 Nxd5 33. exd5 Qc2 34. Qxc2 Nxc2 35. Kg1 Ne3 36. Bf3 Kc7 37. Kf2 Nc4 38. Ke2 Nd6 39.
Ke3 Kb6 40. h4 Kc5 41. g5 hxg5 42. hxg5 Bb1 43. Nh5 g6 44. Nf6 Bxa2 45. Nd7+ Kb5 46. Nxe5 Nf5+ 47. Kd3 Nd6 48. Kc3 Kc5 49. Nd7+ Kb5 50.
Ne5 a5 51. Be2+ Kb6 52. Nd7+ Kc7 53. Nc5 Bxd5 54. Bg4 Ne4+ 55. Kd4 Nxc5 56. Kxd5 Nd3 57. Bf3 a4 58. Kc4 Ne5+ 59. Kb4 Nxf3 60. Kxa4 Nxg5 61. Kb4 f5 62. Kc4 Ne6 63. Kd3 Kd7 64. Ke2 Kd6 65. Kf3 Ke5 66. Kg3 g5 67. Kf3 g4+ 68.
Kg3 Ng5 69. Kh2 f4 70. Kg2 f3+ 71. Kh1 Kf4 72. Kg1 Ne4 73. Kf1 g3 74. Kg1 g2 75.
Kh2 Ke3 76. Kg1 Ke2 77. Kh2 Kf2 78. Kh3 g1=Q 79. Kh4 Qg5+ 80. Kh3 Qg3# 0-1

[Event "*** Titled Tuesday Blitz"]
[Site "Chess.com"]
[Date "2020.10.27"]
[Round "6"]
[White "Sanan_Sjugirov"]
[Black "Legendinunknown"]
[Result "1-0"]
[WhiteElo "2925"]
[BlackElo "2654"]
[TimeControl "180+1"]
[EndTime "11:08:58 PDT"]
[Termination "Sanan_Sjugirov won by resignation"]

1. c4 e5 2. d3 Nf6 3. Nf3 Nc6 4. Nc3 d6 5. g3 g6 6. Bg2 Bg7 7. O-O O-O 8. Rb1 a5 9. a3 Nh5 10. b4 axb4 11. axb4 f5 12. b5 Ne7 13. e3 c5 14. bxc6 bxc6 15. Qb3 h6 16. Ba3 Kh7 17. Na4 Be6 18. Nb6 Ra6 19. d4 e4 20. Nd2 g5 21. d5 cxd5 22. cxd5 Bg8 23. Rfd1 Nf6 24. Bf1 Ra7 25. Bb2 Ng6 26. Ndc4 Ng4 27. Bxg7 Kxg7 28.
Qb4 Rf6 29. Ra1 Rb7 30. Rdb1 N6e5 31. Nxe5 Nxe5 32. Be2 Bxd5 33. Qd4 Bf7 34. Nd5 Rxb1+ 35. Rxb1 Rg6 36. Rb7 Qa8 37. Ra7 Qb8 38. Kg2 Kf8 39. Bh5 Rg7 40. Bxf7 Rxf7 41. Ra6 Kg7 42. Nb4 Rf6 43.
Nc6 Nxc6 44. Rxc6 Kg6 45. Qd5 Kg7 46. Ra6 Qc7 47. Ra8 Qf7 48. Qd4 Kg6 49. Rd8 Qe7 50. Rg8+ Kf7 51. Ra8 Qe5 52. Qa7+ Kg6 53. Rg8+ Kh5 54.
Qa4 Qe6 55. Qd1+ g4 56. Rg7 Rg6 57. Rc7 d5 58. h4 Rf6 59. Qd4 Qd6 60. Ra7 Kg6 61. Qa4 Rf7 62. Qe8 Qf6 63. Rc7 Kg7 64. Rc6 Qb2 65. Qe6 Kg8 66. Rc8+ Kg7 67. Rc6 Rf6 68.
Qd7+ Rf7 69. Qxd5 Rf6 70. Rc7+ Kh8 71. Qd8+ 1-0

[Event "*** Titled Tuesday Blitz"]
[Site "Chess.com"]
[Date "2020.10.27"]
[Round "6"]
[White "BrandonJacobson"]
[Black "Shubinkirill2003"]
[Result "1-0"]
[WhiteElo "2945"]
[BlackElo "2671"]
[TimeControl "180+1"]
[EndTime "11:09:09 PDT"]
[Termination "BrandonJacobson won by resignation"]

1. d4 e6 2. c4 Nf6 3. Nf3 b6 4. g3 Bb7 5. Bg2 Be7 6. O-O O-O 7. Re1 Na6 8. h4 c5 9. d5 exd5 10. Nh2 d6 11. Nc3 Nc7 12. cxd5 b5 13. e4 b4 14. Nb1 Nd7 15. f4 Nb5 16. Nd2 Bf6 17. Nc4 Bd4+ 18. Be3 Nb6 19. Na5 Bxe3+ 20. Rxe3 Nxd5 21.
exd5 Qxa5 22. Re7 Qb6 23. f5 Rae8 24. Rxe8 Rxe8 25. f6 c4+ 26. Kh1 Qf2 27. Qg4 Qxf6 28. Qd7 Rf8 29. Qxb5 Qxb2 30. Rf1 c3 31. Qxb7 c2 32.
Qc6 Qxa2 33. Be4 b3 34. Nf3 h6 35. Nd4 Qb2 36. Nxc2 bxc2 37. Qxc2 Qe5 38. Qd3 a5 39. Re1 g6 40. Re2 Qa1+ 41. Kg2 Qf6 42. Rf2 Qg7 43.
Ra2 Ra8 44. Ra4 Qb2+ 45. Qc2 Qf6 46. Qd2 h5 47. Rxa5 Rb8 48. Ra2 Qe5 49. Bf3 Rb3 50. Qf2 Re3 51. Re2 Rxe2 52. Qxe2 Qf6 53. Qe3 Kg7 54. Qf4 Qe7 55. Qd4+ Kh7 56. Be4 Kg8 57. Qb4 Kg7 58. Kf2 Qf6+ 59. Ke3 Qe7 60. Qd4+ Kg8 61. Kd3 Qb7 62. Qc4 Qb1+ 63. Ke3 Qe1+ 64. Kf3 Qh1+ 65. Kf4 Qe1 66. Qd4 Qc1+ 67. Qe3 Qb2 68. Qf3 Qc1+ 69. Qe3 Qb2 70. Kf3 Qf6+ 71. Qf4 Qe7 72. g4 hxg4+ 73.
Qxg4 Qf6+ 74. Kg2 Qe5 75. Bf3 Qb2+ 76. Kh3 Qe5 77. h5 Kg7 78. hxg6 fxg6 79. Be4 Qf6 80. Kg2 g5 81. Qd7+ Kf8 82. Qc8+ Kg7 83. Qd7+ Kf8 84. Qe6 Qxe6 85. dxe6 Ke7 86. Bd5 Kf6 87. Kg3 1-0

[Event "*** Titled Tuesday Blitz"]
[Site "Chess.com"]
[Date "2020.10.27"]
[Round "6"]
[White "Bastiandash"]
[Black "winniethepooh04"]
[Result "1-0"]
[WhiteElo "2338"]
[BlackElo "2211"]
[TimeControl "180+1"]
[EndTime "11:09:13 PDT"]
[Termination "Bastiandash won by checkmate"]

1. d4 Nf6 2. Nf3 g6 3. Bg5 Bg7 4. Nbd2 O-O 5. c3 d6 6. e4 a5 7. Be2 Na6 8. O-O c5 9. Re1 h6 10. Bh4 Nh5 11. Nc4 b5 12. Na3 b4 13. Nc4 Nf4 14. Bf1 g5 15. Bg3 Ng6 16. d5 bxc3 17.
Re2 cxb2 18. Nxb2 Rb8 19. Rb1 Nc7 20. Nc4 Nb5 21. Qd3 Qc7 22. e5 Nc3 23. exd6 Nxe2+ 24. Qxe2 Qa7 25. Rxb8 Qxb8 26. dxe7 Nf4 27. exf8=Q+ Bxf8 28. Bxf4 Qxf4 29. Qe3 Qf6 30. d6 g4 31. Nfd2 h5 32.
Qxc5 Ba6 33. Qe5 Qg6 34. Qd4 Bg7 35. Qe3 Bh6 36. Qe8+ Kh7 37. d7 Bb5 38. Qe7 Bg5 39. Qd6 Qxd6 40. Nxd6 Bxd7 41. N2e4 Be7 42. Nxf7 Kg7 43.
Ne5 Be6 44. a3 Bxa3 45. Bc4 Bb4 46. Bxe6 a4 47. Nd3 Be7 48. Ba2 a3 49. f3 Kg6 50.
Kf1 gxf3 51. gxf3 Kf5 52. Ke2 h4 53. Nef2 Kg5 54. Ke3 Kf5 55. Ne4 Bd8 56. Ndf2 Bb6+ 57. Ke2 Kf4 58. Nh3+ Kf5 59. Kd3 Bc7 60. Nef2 Bxh2 61.
Kc4 Bb8 62. Kd3 Ba7 63. Ke2 Bb8 64. Ng4 Bg3 65. Ne3+ Ke5 66. Ng2 Kd4 67. f4 Kc3 68. Kf3 Kb2 69. Bd5 a2 70. Bxa2 Kxa2 71. f5 Kb3 72. Kg4 Kc4 73. Nxh4 Kd5 74. Kxg3 Ke5 75. Kg4 Kf6 76. Kf4 Kf7 77. Nf2 Kf6 78. Ne4+ Kf7 79.
Ke5 Kf8 80. Kf6 Kg8 81. Ke7 Kh7 82. f6 Kh6 83. f7 Kh7 84. Nf6+ Kh6 85. f8=Q+ Kg5 86.
Qg7+ Kf4 87. Qg4+ Ke5 88. Qe4# 1-0

[Event "*** Titled Tuesday Blitz"]
[Site "Chess.com"]
[Date "2020.10.27"]
[Round "6"]
[White "GMaka"]
[Black "deep306"]
[Result "1/2-1/2"]
[WhiteElo "2401"]
[BlackElo "2590"]
[TimeControl "180+1"]
[EndTime "11:09:14 PDT"]
[Termination "Game drawn - insufficient material"]

1. Nf3 b6 2. g3 Bb7 3. Bg2 e5 4. d4 e4 5. Nfd2 d5 6. e3 f5 7. c4 c6 8. Nc3 Nf6 9. O-O h5 10.
f3 h4 11. fxe4 fxe4 12. cxd5 cxd5 13. Rf5 hxg3 14. hxg3 Bd6 15. Nf1 Nbd7 16. Qb3 g6 17. Rxd5 Nxd5 18. Nxd5 Qg5 19. Nf4 Qg4 20. Bd2 O-O-O 21. Qe6 Qxe6 22. Nxe6 Rde8 23. Rc1+ Kb8 24. Nf4 g5 25. Ne2 Nf6 26. a3 Ba6 27. Nc3 Bd3 28. Be1 Ng4 29. Nd5 Rd8 30. Rc6 Bxf1 31. Bxf1 Nh2 32. Ba6 Nf3+ 33. Kf2 Rh2+ 34. Kf1 Rh1+ 35.
Kf2 Rxe1 36. Nf6 Rg1 37. Nd7+ Ka8 38. Rxd6 Rc1 39. Nxb6+ axb6 40. Rxd8+ Ka7 41. Bb5 Rc2+ 42. Kf1 Rxb2 43. Rd7+ Kb8 44. Bc6 Nh2+ 45. Ke1 Nf3+ 46. Kd1 Rd2+ 47. Kc1 Re2 48. Bxe4 Rxe3 49. Bxf3 Rxf3 50.
d5 Rxg3 51. Kb2 Rd3 52. a4 Kc8 53. Rd6 Kc7 54. Rc6+ Kb7 55. Rd6 g4 56. Rg6 g3 57.
Rg7+ Ka6 58. Kc2 Rxd5 59. Rxg3 Ka5 60. Rg4 Re5 61. Kb3 Re3+ 62. Kb2 Rd3 63. Rf4 Rd2+ 64. Kc3 Rd1 65. Kb3 Rb1+ 66. Ka2 Rb4 67. Rf8 Kxa4 68. Rf5 b5 69. Rf8 Rh4 70. Rf2 Kb4 71. Kb2 Rh3 72. Re2 Rb3+ 73. Ka2 Rd3 74. Kb2 Rd4 75. Rh2 Kc4 76. Rg2 b4 77. Rc2+ Kd3 78. Rh2 Kc4 79. Rc2+ Kb5 80. Kb3 Rd3+ 81. Kb2 Ka4 82. Rh2 Rb3+ 83.
Ka2 Ra3+ 84. Kb2 Rd3 85. Rg2 Rd4 86. Rh2 b3 87. Rg2 Kb4 88. Rh2 Rc4 89. Rg2 Rc2+ 90. Rxc2 bxc2 91. Kxc2 1/2-1/2

[Event "*** Titled Tuesday Blitz"]
[Site "Chess.com"]
[Date "2020.10.27"]
[Round "6"]
[White "SergeyShtyka"]
[Black "Treacherous_horse64"]
[Result "1-0"]
[WhiteElo "2342"]
[BlackElo "2494"]
[TimeControl "180+1"]
[EndTime "11:09:24 PDT"]
[Termination "SergeyShtyka won by checkmate"]

1. e4 c6 2. Nf3 d5 3. Nc3 b5 4.
a3 a6 5. d4 Bg4 6. h3 Bh5 7. Be2 e6 8. Ne5 Bxe2 9. Qxe2 Nf6 10. exd5 cxd5 11. Bf4 Qb6 12. Rd1 Nc6 13. Nxc6 Qxc6 14.
O-O Rc8 15. Rfe1 Be7 16. Na2 O-O 17. c3 a5 18. Nc1 b4 19. axb4 axb4 20. Na2 bxc3 21. Nxc3 Bb4 22. Bd2 Rb8 23. Qd3 Rfc8 24. Rc1 Qb7 25. Bg5 Ne4 26. Bd2 Bxc3 27. Bxc3 Qb5 28.
Qxb5 Rxb5 29. f3 Nd6 30. Kf2 Rcb8 31. Re2 Kf8 32. Ra1 Nc4 33. Ra2 g6 34. g4 h6 35. Rc2 Kg7 36. Re2 Rb3 37. Rc2 R8b7 38. Re2 Nd6 39. Rc2 Nb5 40. Ke2 Rc7 41. Kd3 Nd6 42. Ra3 Rb8 43. Ba5 Rxc2 44. Kxc2 Nc4 45. Ra2 Ra8 46. b4 Rc8 47. Kd3 Kf6 48. Ra1 Kg5 49.
b5 Rb8 50. b6 Nxb6 51. Rb1 Nd7 52. Bd2+ Kf6 53. Rxb8 Nxb8 54. Bxh6 g5 55. Bf8 Nc6 56.
Bd6 Na5 57. f4 Nc4 58. Be5+ Kg6 59. Bc7 Na3 60. Ke3 Nb5 61. Bb8 Nc3 62. fxg5 Kxg5 63. Kf3 Nb5 64. Be5 f6 65. Bf4+ Kg6 66. Be3 Na3 67. h4 Nc4 68. h5+ Kf7 69. Bc1 Nd6 70.
g5 Nf5 71. g6+ Kg7 72. Be3 Nd6 73. Bf2 Nf5 74. Be3 Nd6 75. Kg4 Nc4 76. Bc1 e5 77. dxe5 fxe5 78. Bg5 d4 79. Kf5 d3 80. h6+ Kf8 81. h7 Nd6+ 82. Ke6 Ne4 83. h8=Q# 1-0

[Event "*** Titled Tuesday Blitz"]
[Site "Chess.com"]
[Date "2020.10.27"]
[Round "6"]
[White "DinaBelenkaya"]
[Black "WhiteKnight2612"]
[Result "1/2-1/2"]
[WhiteElo "2363"]
[BlackElo "2586"]
[TimeControl "180+1"]
[EndTime "11:09:59 PDT"]
[Termination "Game drawn - timeout vs insufficient material"]

1. e4 e6 2. Qe2 Ne7 3. g3 d5 4. d3 c5 5. Bg2 Nbc6 6. Nf3 g6 7.
O-O Bg7 8. c3 O-O 9. e5 b5 10.
a4 b4 11. Bg5 a5 12. Bf6 Ba6 13. Nbd2 Qc7 14. Qe3 Nf5 15. Qe2 Rfb8 16. g4 Nfe7 17. c4 Rd8 18. Qe3 Nd4 19. Nxd4 cxd4 20. Qg5 h6 21.
Qh4 g5 22. Qh5 Ng6 23. f4 gxf4 24. g5 Bxf6 25. exf6 Kf8 26. Qxh6+ Ke8 27. Qg7 dxc4 28. Qg8+ Nf8 29. dxc4 Bb7 30. Bxb7 Qxb7 31. Rae1 Ra6 32. Rxf4 d3 33. Rfe4 Qa7+ 34. Kf1 Qc5 35. Rf4 Rd4 36.
Rf3 Rg4 37. Rf2 Rxg5 38. Qh8 Rg6 39. Qh4 Qg5 40. Qxg5 Rxg5 41. Re3 Rd6 42. Ne4 Rd4 43. Nxg5 d2 44. Rxd2 Rxd2 45. Ne4 Rxb2 46. Nd6+ Kd7 47. Nxf7 Rd2 48. Ne5+ Kc7 49. f7 Kb6 50. Rd3 Rxd3 51. Nxd3 Kc6 52. Ke2 Kd6 53. Kd2 Ke7 54. Ne5 Kf6 55. Nc6 Kxf7 56. Nxa5 Nd7 57. Nb3 Ke7 58. c5 Nb8 59. Ke3 Kd7 60. a5 Kc6 61. h4 Nd7 62. Kd4 Kb5 63. h5 Nf6 64. h6 e5+ 65.
Kd3 Nh7 66. Ke4 Kc4 67. Kxe5 Kxb3 68. c6 Ka2 69. c7 b3 70. c8=Q b2 71. Qb8 Ng5 72. Kf5 Nf7 73. Kg6 Ne5+ 74. Kg7 Nc6 75. Qxb2+ Kxb2 76. h7 Nxa5 77. h8=Q Nb3 78. Kg8+ Ka3 79.
Qh7 Ka4 80. Qh2 Ka3 81. Qh3 Kb4 82. Kf8 Nc5 83. Ke8 Kc4 84. Kd8 Ne4 85. Kc8 Kd4 86. Kb7 Ke5 87. Qg4 Nf6 88. Qg5+ Ke6 89. Kb6 Nd5+ 90. Kc5 Nf6 91. Qe3+ Kf5 92. Kd6 Ne4+ 93.
Kd5 Nf6+ 94. Kd4 Ng4 95. Qf3+ Kg5 96. Ke4 Nf6+ 97. Ke3 Ng4+ 98. Ke2 Ne5 99. Qg3+ Kf5 100. Kd2 Ng4 101. Kd3 Ne5+ 102. Kd4 Ng6 103. Qf3+ Kg5 104. Kd5 Nf4+ 105. Ke4 Ng6 106. Qf5+ Kh6 107. Qe6 Kg7 108. Qd7+ Kf6 1/2-1/2

[Event "*** Titled Tuesday Blitz"]
[Site "Chess.com"]
[Date "2020.10.27"]
[Round "6"]
[White "Fandorine"]
[Black "maciek_92"]
[Result "0-1"]
[WhiteElo "2844"]
[BlackElo "2722"]
[TimeControl "180+1"]
[EndTime "11:10:10 PDT"]
[Termination "maciek_92 won by resignation"]

1. e4 c5 2. b3 Nc6 3. Bb2 e6 4. f4 d5 5. e5 g5 6. Qh5 gxf4 7. Nh3 Nge7 8. Nxf4 Ng6 9. g3 Bg7 10. Bb5 Bd7 11. Bxc6 Bxc6 12. Rf1 Qc7 13. d4 cxd4 14.
Bxd4 Bxe5 15. Bxe5 Qxe5+ 16. Qxe5 Nxe5 17. Nd2 h5 18.
O-O-O Ke7 19. Rde1 Kd6 20. Rd1 Ke7 21. Rfe1 f6 22.
Re3 Rag8 23. Rde1 d4 24. Rxe5 fxe5 25. Rxe5 h4 26. Rxe6+ Kd7 27. Nc4 hxg3 28. Ne5+ Kc7 29. hxg3 Re8 30. Nxc6 Rxe6 31. Nxe6+ Kxc6 32. Nxd4+ Kd5 33. Nb5 a6 34. Nc3+ Kd4 35. Ne2+ Ke3 36. Nf4 Rg8 37. Nd5+ Kd4 38. Nf4 Ke4 39. Ne6 Kd5 40. Nf4+ Ke5 41. Ne2 Ke4 42. Kd2 Rd8+ 43. Kc1 Kf3 44. Nf4 Kxg3 45. Ne6 Rd5 46. c4 Re5 47. Nd4 Kf4 48. Kd2 Ke4 49. Nc2 Rh5 50. Kc3 Rh2 51. Nb4 Ke5 52.
Nd3+ Ke4 53. Nc5+ Ke5 54. Nxb7 Rxa2 55. Kb4 Ke6 56. Nc5+ Kd6 57. Na4 Kc7 58. Ka5 Kb7 59. Kb4 Rh2 60. Nc3 Kb6 61. Nd5+ Kc6 62. Nc3 Rh8 63. Ne2 Rb8+ 64. Kc3 a5 65. Nd4+ Kc5 66. Ne6+ Kd6 67. Nd4 Rh8 68. Nc2 Kc5 69. Ne1 Rh3+ 70.
Nd3+ Kc6 71. Kd4 Rh4+ 72. Kc3 Kb6 73. Kc2 Rh3 74. Kc3 Rh2 75. Kd4 Kc6 76. Kc3 Rh3 77. Kd4 Kd6 78. Kc3 Rh2 79. Kd4 Rc2 80. Nf4 Kc6 81. Nd5 Rh2 82. Nf4 Rf2 83. Nd3 Rc2 84. Ne5+ Kb6 85. Nd3 Kb7 86. Kd5 Kb6 87. Kd4 Ka7 88.
Nf4 Ka6 89. Nd3 Kb6 90. Nf4 Rf2 91. Nd3 Rd2 92. Kc3 Rh2 93. b4 a4 94. Nc5 a3 95. Na4+ Ka6 96. b5+ Ka5 97. Nc5 a2 98.
Nb3+ Ka4 99. Na1 Ka3 100. b6 Rb2 101. c5 Rb1 102. Nc2+ Ka4 103. Kd3 Rb3+ 104. Kd4 Rb2 105. b7 Rxb7 106. c6 Rb2 0-1

[Event "*** Titled Tuesday Blitz"]
[Site "Chess.com"]
[Date "2020.10.27"]
[Round "6"]
[White "Firouzja2003"]
[Black "TigrVShlyape"]
[Result "1/2-1/2"]
[WhiteElo "3062"]
[BlackElo "2890"]
[TimeControl "180+1"]
[EndTime "11:11:31 PDT"]
[Termination "Game drawn by 50-move rule"]

1. e3 d5 2. c4 c6 3. b3 Nf6 4. Bb2 Bf5 5. Nf3 e6 6. Be2 h6 7. O-O Nbd7 8. d3 Be7 9. Nc3 O-O 10. Qc2 Bh7 11. Rac1 Bd6 12. Qb1 a6 13. Qa1 Re8 14.
Rfd1 e5 15. cxd5 cxd5 16. h3 Qe7 17. a3 Bf5 18. Bf1 Rac8 19. b4 Nb6 20. Rd2 Rc7 21. Be2 Rcc8 22. Bf1 Rc7 23. Re1 Bd7 24. Qd1 Rcc8 25. Qa1 Bb8 26. Rdd1 Bd6 27. Rc1 Qe6 28. Ne2 Na4 29. Rxc8 Bxc8 30. Bc1 Bd7 31. Bd2 Rc8 32. Rc1 Qe8 33. Rxc8 Bxc8 34. Nc3 Nb6 35. Qc1 e4 36. Nd4 Qe5 37. f4 exf3 38. Nxf3 Qe8 39. Ne2 Bf5 40.
Ned4 Bg6 41. Be1 Bh7 42. Bf2 Nbd7 43. Nh4 Bb8 44. Nhf5 Qd8 45. a4 h5 46. b5 axb5 47.
axb5 Qc7 48. Qxc7 Bxc7 49. Be2 Be5 50. g4 hxg4 51. hxg4 Kf8 52. Be1 Ke8 53. Nxg7+ Kd8 54. Ngf5 Kc7 55. g5 Ne8 56. Bb4 Nb6 57. Nh6 Bg6 58.
Nf3 Bd6 59. Be1 Bc5 60. d4 Bd6 61. Nh4 Nd7 62. Nxg6 fxg6 63. Bd3 Nf8 64. Nf7 Be7 65. Bg3+ Kb6 66. Bf4 Ng7 67. Ne5 Nge6 68. Nf3 Ka5 69. Kf2 Kb4 70. Kg3 Kc3 71. Bf1 b6 72. Kg4 Nh7 73.
Be2 Kc2 74. Bf1 Kc3 75. Bg2 Nxf4 76. exf4 Nf8 77. Bf1 Bd6 78. Bg2 Kd3 79. Ne5+ Kxd4 80. Nc6+ Kc5 81. f5 gxf5+ 82. Kxf5 d4 83. Bf1 Kd5 84.
g6 Nxg6 85. Kxg6 Ke4 86. Kf6 d3 87. Ke6 Bc5 88. Ne5 d2 89. Be2 Ke3 90. Bd1 Kd4 91.
Kf5 Kd5 92. Nf3 Be3 93. Be2 Kc5 94. Ne5 d1=Q 95. Bxd1 Kxb5 96. Ke4 Bc5 97. Kd5 Kb4 98. Ke4 Kc3 99. Nd3 Kd2 100. Ba4 Kc3 101. Bb5 Kd2 102.
Kd5 Kc3 103. Ba6 Kd2 104. Kc4 Ke3 105. Ne5 Ke4 106. Ng4 Kf4 107. Nh2 Kg3 108. Nf1+ Kf4 109. Kd3 Bb4 110. Ne3 Bc5 111. Nd5+ Ke5 112. Bb7 Kf5 113. Nc3 Ke5 114. Be4 Kf4 115. Nd5+ Ke5 116. Bg2 Kd6 117. Ke4 Bg1 118. Bf1 Bc5 119. Bb5 Ke6 120. Nf4+ Kd6 121. Ne2 Bb4 122. Nd4 Bc5 123. Nf5+ Ke6 124. Bc4+ Kf6 125. Kf4 Bb4 126. Ne3 Bc5 127. Ng4+ Kg6 128. Bd3+ Kf7 129. Ke5 Ke7 130. Bf5 Bd6+ 131. Kd5 Bf4 132. Be6 Bd2 133. Ne5 Be3 134. Nd7 Bc5 135. Ke5 Kd8 136. Bf5 Kc7 137. Kd5 Bb4 138. Ne5 Bc5 139. Nd3 Be3 140. Bg4 Bc5 141. Nf4 Be3 142. Ne6+ Kb7 143. Be2 Bc5 144. Bb5 Be3 145. Kd6 Bf2 1/2-1/2

[Event "*** Titled Tuesday Blitz"]
[Site "Chess.com"]
[Date "2020.10.27"]
[Round "6"]
[White "poppy73"]
[Black "JoliyRoger"]
[Result "1/2-1/2"]
[WhiteElo "2223"]
[BlackElo "2384"]
[TimeControl "180+1"]
[EndTime "11:11:32 PDT"]
[Termination "Game drawn by 50-move rule"]

1. e4 c6 2. Nf3 d5 3. Nc3 Nf6 4.
e5 Ne4 5. d4 Nxc3 6. bxc3 e6 7.
c4 b6 8. cxd5 cxd5 9. Bd3 Be7 10. O-O Ba6 11. Bxa6 Nxa6 12. c4 Nc7 13. c5 bxc5 14.
dxc5 Bxc5 15. Qc2 Be7 16. Qc6+ Qd7 17. Nd4 Qxc6 18. Nxc6 Kd7 19. Nd4 Bc5 20. Nb3 Bb6 21. Ba3 Nb5 22. Bb2 Rhc8 23. Rac1 a6 24. a4 Nc7 25.
Rc2 Rab8 26. Bd4 Bxd4 27. Nxd4 Rb4 28. Nc6 Rc4 29. Rxc4 dxc4 30. Na5 Nd5 31. Rc1 c3 32. Kf1 Rc5 33. Nb3 Rc4 34. a5 Rb4 35. Nc5+ Kc6 36. Nxa6 Rb2 37. Ke1 Ra2 38. Rxc3+ Kb5 39. Nc7+ Kb4 40.
Nxd5+ exd5 41. Rc7 d4 42. Rxf7 Kc3 43. e6 Kd3 44. f4 Re2+ 45. Kd1 Rxg2 46. Kc1 Rc2+ 47. Kb1 Re2 48. f5 Kc3 49. Rc7+ Kb4 50. e7 Kxa5 51.
Kc1 Kb6 52. Rd7 Kc6 53. Rxd4 Rxe7 54. Rh4 h6 55. f6 gxf6 56. Rxh6 Rf7 57. Kd2 Kd5 58. Ke3 Ke5 59. Kf3 Rb7 60. Rh5+ f5 61. Rh8 Rb3+ 62. Kf2 Kf4 63. Rh4+ Kg5 64. Ra4 Rb2+ 65. Kg3 Rb3+ 66. Kg2 Rb1 67. h4+ Kh5 68. Kg3 Rf1 69. Kg2 Rb1 70. Kg3 Rh1 71. Rf4 Kg6 72.
Ra4 Rg1+ 73. Kf2 Rb1 74. Kg3 Rf1 75. Kg2 Rc1 76. Kg3 Rc2 77. Kf3 Kf6 78. Ra6+ Ke5 79. Ra5+ Kf6 80. Ra6+ Ke7 81. Kf4 Rf2+ 82. Ke5 f4 83.
Ra3 Kf7 84. Ke4 Kg6 85. Rf3 Rh2 86. Rxf4 Kh5 87. Rf5+ Kxh4 88. Rf8 Kg5 89. Rg8+ Kf6 90. Ra8 Rh4+ 91. Kf3 Rh5 92. Kg3 Ke7 93. Ra6 Rc5 94. Kf3 Rc4 95. Ke3 Rb4 96. Kd3 Rh4 97. Ke3 Kd7 98.
Kd3 Rh3+ 99. Ke4 Rh5 100. Kd4 Kc7 101. Rg6 Rh4+ 102. Kd5 Kd7 103. Rg7+ Ke8 104. Ra7 Rh5+ 105. Ke6 Rh6+ 106. Ke5 Rh1 107. Ke6 Kd8 108. Kd6 Kc8 109. Kc6 Rh6+ 110. Kd5 Rh5+ 111. Kd6 Kb8 112. Rd7 Rh6+ 113. Kd5 Rh5+ 114. Kd6 Rh3 115. Kd5 Kc8 116. Rg7 Rh5+ 117. Ke6 Rh6+ 118. Ke5 Rc6 119. Kf5 Rc5+ 120. Ke6 Rc1 121. Kd6 Rd1+ 122. Ke6 Rc1 123. Kd6 Ra1 124. Ke6 Ra6+ 125. Ke5 Rh6 126. Kd5 Kd8 127. Kc5 Rh5+ 128. Kd4 Rh6 129. Kd5 Ke8 130. Ke5 Rh5+ 131. Kd6 Kf8 132. Ra7 Rh6+ 133. Kd5 Rh5+ 134. Ke4 Rh1 135. Kd3 Rd1+ 136. Ke3 Rb1 137. Kd2 Rb6 1/2-1/2

[Event "*** Titled Tuesday Blitz"]
[Site "Chess.com"]
[Date "2020.10.27"]
[Round "7"]
[White "TomasKapitanchuk"]
[Black "northridgehawk"]
[Result "0-1"]
[WhiteElo "2418"]
[BlackElo "2271"]
[TimeControl "180+1"]
[EndTime "11:13:45 PDT"]
[Termination "northridgehawk won by resignation"]

1. e4 e5 2. Nf3 Nc6 3. Bc4 Nf6 4. d3 Bc5 5. c3 d6 6. O-O a6 7. a4 Ba7 8. Nbd2 h6 9. Re1 O-O 10. h3 Qe7 11. Nf1 Be6 12. Bxe6 Qxe6 13. Ng3 Rad8 14. Qe2 d5 15. exd5 Qxd5 16. Nxe5 Nxe5 17. Qxe5 Rfe8 0-1

[Event "*** Titled Tuesday Blitz"]
[Site "Chess.com"]
[Date "2020.10.27"]
[Round "7"]
[White "TomiLen"]
[Black "Snegokhod"]
[Result "1/2-1/2"]
[WhiteElo "2640"]
[BlackElo "2457"]
[TimeControl "180+1"]
[EndTime "11:14:20 PDT"]
[Termination "Game drawn by repetition"]

1. d4 Nf6 2. Bg5 Ne4 3. Bf4 d5 4. e3 e6 5. Nd2 Nxd2 6. Qxd2 Bd6 7. Bg3 c5 8. c3 Nc6 9. Nf3 O-O 10. Bd3 f5 11. O-O c4 12. Bc2 b5 13. Ne5 Bxe5 14. dxe5 Qe7 15. f4 Bd7 16. Qe1 Rab8 17. Bh4 Qc5 18.
Bf2 Qe7 19. Bh4 Qc5 20. Bf2 Qe7 21. Bh4 1/2-1/2